 Dungeon Crawl Stone Soup version 0.30-a0-883-g5ad918d77d (webtiles) character file.

Game seed: 5749318561070673731

94 hikkokomori the Slasher (level 4, -3/35 HPs)
             Began as a Merfolk Gladiator on Mar 18, 2023.
             Slain by Terence
             ... wielding a +2 falchion of freezing
              (14 damage)
             ... on level 3 of the Dungeon.
             The game lasted 00:01:47 (1713 turns).

hikkokomori the Slasher (Merfolk Gladiator)         Turns: 1713, Time: 00:01:47

Health: -3/35      AC:  5    Str: 14    XL:     4   Next: 63%
Magic:  4/4        EV: 13    Int:  7    God:
Gold:   153        SH:  0    Dex: 17    Spells: 3/3 levels left

rFire   . . .      SeeInvis .    a - +0 long sword
rCold   . . .      Faith    .    (no shield)
rNeg    . . .      Spirit   .    b - +0 leather armour
rPois   .          Reflect  .    r - +1 helmet
rElec   .          Rampage  .    (no cloak)
rCorr   .                        (no gloves)
Will    .....                    (no boots)
Stlth   ++                       (no amulet)
HPRegen 0.25/turn                (no ring)
MPRegen 0.09/turn                (no ring)

@: no status effects
A: (nimble swimmer 2), mertail
a: no special abilities


You were on level 3 of the Dungeon.
You visited 1 branch of the dungeon, and saw 3 of its levels.

You collected 153 gold pieces.

Inventory:

Hand Weapons
 a - a +0 long sword (weapon)
Missiles
 e - a javelin (quivered)
 g - 8 poisoned darts
 i - 2 datura-tipped darts
Armour
 b - a +0 leather armour (worn)
 c - a +0 helmet
 r - a +1 helmet (worn)
Scrolls
 h - a scroll of fog {unknown}
 j - 2 scrolls of teleportation {unknown}
 k - a scroll of blinking {unknown}
 m - a scroll of identify {unknown}
 p - a scroll of enchant armour {unknown}
Potions
 f - 4 potions of brilliance {unknown}
 l - a potion of mutation {unknown}
 n - a potion of flight {unknown}
 o - a potion of curing {unknown}
 q - a potion of attraction {unknown}


   Skills:
 + Level 3.4 Fighting
 + Level 4.7 Long Blades
 - Level 2.0 Throwing
 - Level 4.0 Dodging
 + Level 2.7 Stealth


You had 3 spell levels left.
You didn't know any spells.
Your spell library contained the following spells:

 Spells                   Type           Power      Damage    Failure   Level
 Apportation              Tloc           0%         N/A       52%         1
 Necrotise                Necr           0%         1d4       52%         1
 Summon Small Mammal      Summ           0%         N/A       52%         1
 Ensorcelled Hibernation  Hex/Ice        0%         N/A       65%         2
 Spider Form              Tmut/Pois      0%         N/A       87%         3
 Anguish                  Hex/Necr       0%         N/A       99%         4


Dungeon Overview and Level Annotations

Branches:
Dungeon (3/15)

Altars:
Ashenzari

Annotations:
D:3 Terence


Innate Abilities, Weirdness & Mutations

((You are very nimble when in or above water. (Stealth+, EV+, Speed+++)))
Your lower body shifts to a powerful aquatic tail in water.


Message History

Throw: 2 throwing nets
Press: ? - help, Shift-Dir - straight line, f/p - Terence
Aim: Terence, wielding a +2 falchion of freezing and wearing a +0 chain mail (lightly wounded, 69% to hit)
You throw a throwing net. The throwing net barely misses Terence.
Terence barely misses you.
Unknown command.
Throw: throwing net
Press: ? - help, Shift-Dir - straight line, f/p - Terence
Aim: Terence, wielding a +2 falchion of freezing and wearing a +0 chain mail (lightly wounded, 69% to hit)
You throw a throwing net. The throwing net hits Terence.
Terence is caught in the net!
Terence is lightly wounded.
Terence struggles against the net.
You hit Terence.
Terence is moderately wounded.
Terence struggles against the net.
You hit Terence but do no damage.
Terence is moderately wounded.
Terence struggles against the net. x2
You completely miss Terence.
Terence is moderately wounded.
Terence struggles against the net.
You catch the helpless Terence completely off-guard!
You hit Terence but do no damage.
Terence is moderately wounded.
Terence struggles against the net.
The net rips apart, and Terence comes free!
You closely miss Terence.
Terence is moderately wounded.
Terence hits you with a +2 falchion of freezing.
Terence freezes you.
* * * LOW HITPOINT WARNING * * *
Throw: 3 darts (datura)
Press: ? - help, Shift-Dir - straight line, f/p - Terence
Aim: Terence, wielding a +2 falchion of freezing and wearing a +0 chain mail (moderately wounded, 69% to hit, chance to frenzy on hit: 100%)
You throw a datura-tipped dart. The datura-tipped dart hits Terence.
Terence flies into a frenzy!
Terence is moderately wounded.
Terence hits you with a +2 falchion of freezing!
You die...

### #(# ##.#
.?# #@#
#####@#
...#.#
#.#####.#.##
...........#
#.#####.####
#.....#
#.#####
#.######
#.#....#


You could see the neutral Terence (fast, strong, insane).

Vanquished Creatures
  Jessica (D:3)
  Robin (D:3)
  An adder (D:3)
  2 worms
  A dart slug (D:2)
  3 ball pythons
  4 endoplasms
  A giant cockroach (D:1)
  4 hobgoblins
  2 quokkas
  2 bats (D:1)
  4 frilled lizards
  7 goblins
  3 kobolds
  5 rats
41 creatures vanquished.

Notes
Turn   | Place    | Note
-------+----------+-------------------------------------------
     0 | D:1      | hikkokomori the Merfolk Gladiator began the quest for the
                  | Orb.
     0 | D:1      | Reached XP level 1. HP: 16/16 MP: 1/1
   147 | D:1      | Reached XP level 2. HP: 22/23 MP: 2/2
   156 | D:1      | Reached skill level 1 in Stealth
   829 | D:2      | Reached XP level 3. HP: 28/28 MP: 3/3
   908 | D:2      | Found a broken altar of Ashenzari.
  1090 | D:2      | Found a faded altar of an unknown god.
  1386 | D:3      | Noticed Jessica
  1391 | D:3      | Killed Jessica
  1392 | D:3      | Reached XP level 4. HP: 25/35 MP: 4/4
  1497 | D:3      | Noticed Robin
  1518 | D:3      | Killed Robin
  1698 | D:3      | Noticed Terence
  1713 | D:3      | Slain by Terence

Illustrated notes

Levels and vault maps discovered:
D:1:      shiori_arrival_elements, layout_basic, nicolae_wormholes
D:2:      layout_basic, ebering_ecumenical_altar_abandoned, basic_altar
D:3:      layout_basic, marbit_many_paths, uniq_robin, uniq_jessica,
          uniq_terence

Skill      XL: |  1  2  3 |
---------------+----------+-----
Stealth        | 1 2 |  2.7
Long Blades    | 4 |  4.7
Fighting       | 3 |  3.4
Throwing       | |  2.0
Dodging        | |  4.0

Action                     |  1- 3 |  4- 6 || total
---------------------------+-------+-------++-------
  Melee: Long sword        |   100 |    36 ||   136
         Punch             |     1 |       ||     1
  Throw: Throwing net      |       |     3 ||     3
         Dart              |       |     1 ||     1
   Stab: Sleeping          |     4 |       ||     4
         Held in net/web   |       |     1 ||     1
 Armour: Leather armour    |    27 |     8 ||    35
  Dodge: Dodged            |    68 |    22 ||    90

Table legend: (Time is in decaauts)
 A = Elapsed time spent in this place.
 B = Non-inter-level travel time spent in this place.
 C = Inter-level travel time spent in this place.
 D = Time resting spent in this place.
 E = Time spent auto-exploring this place.
 F = Levels seen in this place.
 G = Mean time per level.
                   A        B        C        D        E       F      G
               +--------+--------+--------+--------+--------+-----+--------+
         Total |   1738 |   1670 |     68 |      0 |   1317 |   3 |  579.3 |
       Dungeon |   1738 |   1670 |     68 |      0 |   1317 |   3 |  579.3 |
               +--------+--------+--------+--------+--------+-----+--------+

Top non-repeatable levels by time:
     D:1: 711 daAuts
     D:2: 580 daAuts
     D:3: 446 daAuts
